Map: Stasis LE

Players

Odin - Winner!

  • Race: Protoss Protoss
  • League: Gold
  • Spawn Location: 1:00

keyser

  • Race: Terran Terran
  • League: Gold
  • Spawn Location: 11:00

VOD

Have the link to the VOD?

Description

Time

  • Played on: Dec. 16, 2018, 8:01 a.m.
  • Length: 11:41
Show
View Real Time Build Order
Export as new Build Order

Odin Protoss - Winner!

Build Orders: Oracle Opening 

Get SALT Encoding   

  12  0:02  Probe  
  13  0:11  Probe  
  14  0:22  Probe  
  15  0:30  Pylon  
  15  0:41  Assimilator  
  15  0:49  Gateway  
  15  0:53  Probe  
  16  1:04  Probe  
  16  1:10  Pylon  
  17  1:12  Probe  
  18  1:20  Probe  
  19  1:31  Probe  
  20  1:38  Cybernetics Core  
  20  1:48  Probe  
  21  1:58  Assimilator  
  21  2:00  Probe  
  22  2:16  Probe  
  22  2:17  Warp Gate  
  22  2:19  Adept  
  25  2:29  Stargate  
  25  2:40  Probe  
  26  2:49  Nexus  
  26  3:11  Adept  
  28  3:15  Oracle  
  28  3:19  Gateway  
  31  3:51  Gateway  
  31  3:54  Gateway  
  31  4:00  Pylon  
  31  4:25  Probe  
  32  4:35  Probe, Assimilator  
  32  4:37  Assimilator  
  32  4:38  Probe  
  34  4:50  Probe  
  35  4:54  Adept  
  35  4:57  Nexus  
  35  4:59  Assimilator  
  37  5:02  Twilight Council  
  37  5:03  Probe  
  37  5:04  Assimilator  
  37  5:05  Probe  
  38  5:13  Adept  
  38  5:14  Probe  
  42  5:28  Pylon  
  42  5:31  Robotics Facility  
  42  5:33  Oracle  
  45  6:00  Probe  
  45  6:07  Resonating Glaives  
  45  6:09  Probe, Adept x4  
  59  6:18  Probe, Immortal  
  59  6:21  Probe  
  61  6:30  Probe  
  61  6:32  Probe  
  62  6:38  Probe  
  63  6:40  Probe, Pylon  
  63  6:47  Probe  
  65  6:48  Probe  
  65  6:53  Pylon  
  67  6:57  Probe  
  67  6:58  Observer  
  67  7:00  Probe  
  70  7:02  Zealot  
  70  7:03  Zealot x3  
  78  7:09  Probe  
  78  7:12  Probe  
  80  7:20  Immortal  
  80  7:21  Probe  
  85  7:24  Probe  
  86  7:33  Templar Archives, Probe  
  86  7:34  Forge  
  86  7:35  Forge  
  86  7:36  Probe  
  88  8:03  Gateway  
  88  8:05  Gateway  
  88  8:07  Adept x2, Gateway  
  88  8:09  Gateway  
  92  8:22  Pylon x2  
  92  8:23  Probe  
  92  8:24  Pylon  
  93  8:38  Protoss Ground Weapons Level 1, Protoss Ground Armor Level 1  
  93  8:39  Void Ray  
  93  8:40  Probe x2, Immortal, Photon Cannon  
  103  8:44  Photon Cannon  
  103  8:52  Probe x2, High Templar x4  
  113  8:58  Psionic Storm  
  113  9:04  Probe x2  
  115  9:10  Adept  
  117  9:29  Charge  
  117  9:32  Nexus  
  117  9:33  Pylon  
  117  9:35  Assimilator, Pylon  
  117  9:37  Assimilator, Pylon x2  
  117  10:01  Adept x2  
  117  10:02  Adept x6  
  133  10:16  Photon Cannon  
  133  10:17  Photon Cannon  
  133  10:19  Photon Cannon, Shield Battery  
  133  10:20  Shield Battery  
  133  10:24  High Templar x3  
  133  10:25  High Templar  
  133  10:26  Zealot  
  133  10:27  Zealot x3, Shield Battery  
  149  10:44  Immortal  
  152  11:10  Zealot x4  
  152  11:11  Zealot x3  
Show
View Real Time Build Order
Export as new Build Order

keyser Terran 

Build Orders:  

Get SALT Encoding   

  12  0:01  SCV  
  13  0:16  Supply Depot  
  13  0:18  SCV  
  14  0:30  SCV  
  15  0:40  Barracks  
  15  0:43  Refinery  
  15  0:46  SCV  
  16  0:58  SCV  
  17  1:10  SCV  
  18  1:22  SCV  
  19  1:27  Supply Depot  
  19  1:37  Marine  
  21  1:40  Orbital Command  
  21  1:44  Refinery  
  20  1:54  Barracks  
  20  1:58  Marine  
  21  2:09  SCV  
  22  2:17  Factory  
  22  2:22  Marine  
  23  2:38  SCV  
  23  2:40  Marine  
  25  2:45  Supply Depot  
  25  2:47  Marine  
  26  2:53  SCV  
  26  2:58  Marine  
  27  3:03  Factory Tech Lab  
  28  3:09  Starport  
  28  3:10  Barracks Tech Lab  
  28  3:17  Engineering Bay  
  28  3:21  Marine  
  28  3:26  Siege Tank  
  31  3:56  Marine  
  31  3:59  Barracks Reactor  
  32  4:05  Command Center  
  30  4:25  Raven  
  32  4:35  Missile Turret  
  32  4:36  Marine  
  36  4:47  SCV  
  36  4:48  Barracks Tech Lab  
  36  4:52  Cyclone  
  37  4:54  Marine  
  38  5:23  Stimpack  
  38  5:34  Supply Depot  
  38  5:37  Marine  
  39  5:48  Marine  
  39  5:49  Medivac  
  42  5:57  Supply Depot  
  42  6:09  Marine  
  42  6:10  Marine x2  
  45  6:15  SCV  
  45  6:18  Orbital Command  
  46  6:19  Medivac  
  48  6:27  Marine, SCV  
  50  6:39  SCV  
  51  6:40  Marine x2  
  51  6:43  Missile Turret  
  51  6:45  Marine  
  54  6:55  Barracks  
  54  7:09  Siege Tank  
  57  7:20  Raven  
  57  7:22  Marine x2  
  59  7:23  Combat Shield  
  59  7:26  Terran Infantry Weapons Level 1  
  61  7:34  SCV  
  62  7:38  Armory  
  62  7:51  Barracks Tech Lab  
  62  7:55  Barracks Reactor  
  62  8:03  Medivac  
  64  8:10  Marine x2  
  66  8:13  SCV x2  
  68  8:24  Supply Depot  
  68  8:25  SCV  
  68  8:26  Supply Depot  
  69  8:27  Terran Vehicle Weapons Level 1  
  69  8:28  Marine x2  
  69  8:33  Medivac  
  73  8:35  Marine x2  
  75  8:41  Siege Tank  
  75  8:47  Supply Depot  
  78  8:55  SCV  
  79  9:00  Marine x2  
  81  9:03  Medivac  
  81  9:05  Concussive Shells  
  83  9:24  Marine x4  
  83  9:25  Marine  
  83  9:30  Supply Depot  
  88  9:32  SCV  
  88  9:33  SCV  
  88  9:34  Supply Depot x2  
  90  9:39  Refinery  
  90  9:41  Refinery  
  90  9:42  Marine x2  
  92  9:58  Marine x3  
  95  10:00  Marine  
  95  10:01  Siege Tank  
  95  10:03  Raven  
  101  10:07  SCV x2  
  103  10:19  SCV x2  
  105  10:31  SCV  
Tags
 
League
GoldGold
Matchup
PvT
Spawn Locations
Close Positions
Add a new tag
Caveats
  • Supply blocks, unpowered buildings, or Contaminate may cause inaccurate times.
  • Supply counts are checked every 10 seconds.